 Dungeon Crawl Stone Soup version 0.29.1-12-g30fa7ad0bf (webtiles) character file.

Game seed: 4173110200996687478

5 FexLirch the Digger (level 2, -2/20 HPs)
             Began as a Meteoran Earth Elementalist on Jan 2, 2023.
             Slain by Terence
             ... wielding a +0 mace
              (7 damage)
             ... on level 2 of the Dungeon.
             The game lasted 00:00:26 (43 turns).

FexLirch the Digger (Meteoran Earth Elementalist)     Turns: 43, Time: 00:00:26

Health: -2/20      AC:  2    Str:  9    XL:     2   Next: 5%
Magic:  5/6        EV: 12    Int: 16    God:
Gold:   10         SH:  0    Dex: 14    Spells: 5/6 levels left

rFire   . . .      SeeInvis .   (no weapon)
rCold   . . .      Faith    .   (no shield)
rNeg    . . .      Spirit   .   a - +0 robe
rPois   .          Reflect  .   (no helmet)
rElec   .          Harm     .   (no cloak)
rCorr   .          Rampage  .   (no gloves)
Will    .....                   (no boots)
Stlth   +.........              (no amulet)
HPRegen 0.06/turn               (no ring)
MPRegen 0.10/turn               (no ring)

@: glowing
A: sense surroundings 1, otherworldly, glowing, explore regen
a: no special abilities


You were on level 2 of the Dungeon.
You visited 1 branch of the dungeon, and saw 2 of its levels.

You collected 10 gold pieces.

Inventory:

Missiles
 d - 2 throwing nets
Armour
 a - a +0 robe (worn)
Scrolls
 e - a scroll of identify {unknown}
 f - a scroll of fear {unknown}
Potions
 c - a potion of degeneration {unknown}


   Skills:
 + Level 2.5 Dodging
 + Level 1.5 Stealth
 + Level 2.8 Spellcasting
 + Level 1.4 Transmutations
 + Level 3.7 Earth Magic


You had 5 spell levels left.
You knew the following spells:

 Your Spells              Type           Power      Damage    Failure   Level
a - Sandblast             Erth           28%        2d8       4%          1

Your spell library contained the following spells:

 Spells                   Type           Power      Damage    Failure   Level
 Passwall                 Tmut/Erth      8%         N/A       10%         2
 Stone Arrow              Conj/Erth      16%        3d8       26%         3
 Petrify                  Tmut/Erth      10%        N/A       54%         4


Dungeon Overview and Level Annotations

Branches:
Dungeon (2/15) Zot: 1152

Altars:

Annotations:
D:2 Terence


Innate Abilities, Weirdness & Mutations

You passively map a small area around you.
You are easily found by Zot.
You glow in the dark.
You regain HP and MP as you explore.


Message History

You kill the hobgoblin!
Casting: Sandblast (safe; 4% risk of failure)
Confirm with . or Enter, or press ? or * to list all spells.
Aiming: Sandblast (safe; 4% risk of failure)
Press: ? - help, Shift-Dir - straight line, f - giant cockroach
Aim: a giant cockroach (82% to hit)
The blast of sand hits the giant cockroach!
You kill the giant cockroach!
The ball python bites you. The ball python grabs you.
You stop ascending the stairs.
The ball python constricts you.
Casting: Sandblast (safe; 4% risk of failure)
Confirm with . or Enter, or press ? or * to list all spells.
Aiming: Sandblast (safe; 4% risk of failure)
Press: ? - help, Shift-Dir - straight line, f - ball python
Aim: a ball python (constricting you, 80% to hit)
The blast of sand hits the ball python.
You kill the ball python!
Terence misses you. Terence hits you with a +0 mace.
You have reached level 2!
Casting: Sandblast (safe; 4% risk of failure)
Confirm with . or Enter, or press ? or * to list all spells.
Aiming: Sandblast (safe; 4% risk of failure)
Press: ? - help, Shift-Dir - straight line, f - Terence
Aim: Terence, wielding a +0 mace and wearing a +2 scale mail of poison resistance (84% to hit)
The blast of sand hits Terence but does no damage.
The bat hits you but does no damage.
A dart slug comes into view.
Terence hits you with a +0 mace. Magic courses through your body.
Terence hits you with a +0 mace!
* * * LOW HITPOINT WARNING * * *
The bat barely misses you.
Casting: Sandblast (safe; 4% risk of failure)
Confirm with . or Enter, or press ? or * to list all spells.
Aiming: Sandblast (safe; 4% risk of failure)
Press: ? - help, Shift-Dir - straight line, f/p - Terence
Aim: Terence, wielding a +0 mace and wearing a +2 scale mail of poison resistance (84% to hit)
The blast of sand misses Terence.
The bat hits you.
* * * LOW HITPOINT WARNING * * *
Terence hits you with a +0 mace!
You die...

* , , *
.......## ***,
........# *
........# * *
........####* #
...........##..
, *
..>.....>......
,
...............
.......@b..†...
, *
####..@......w.
* #...†.......
#†..........
#.....)..... *
, *##.(........
.......##..
.######## ## *


You could see Terence, a dart slug and a bat.

Vanquished Creatures
  A giant cockroach (D:2)
  A hobgoblin (D:2)
  3 ball pythons
5 creatures vanquished.

Notes
Turn   | Place    | Note
-------+----------+-------------------------------------------
     0 | D:1      | FexLirch the Meteoran Earth Elementalist began the quest
                  | for the Orb.
     0 | D:1      | Reached XP level 1. HP: 14/14 MP: 5/5
    35 | D:2      | Noticed Terence
    41 | D:2      | Reached XP level 2. HP: 18/20 MP: 1/6
    43 | D:2      | Slain by Terence

Illustrated notes

Levels and vault maps discovered:
D:1:      psy_arrival_statuary, layout_basic, serial_shops, nicolae_square_shop,
          ebering_ecumenical_altar_box, corexii_item_surrounded_by_moat
D:2:      layout_rooms, serial_shops, shop_statue, minmay_joined_circles,
          uniq_terence

Action                   || total
-------------------------++-------
 Cast: Sandblast         ||     8
  Use: Potion            ||     1
Armor: Robe              ||     1
Dodge: Dodged            ||     2
